 Dungeon Crawl Stone Soup version 0.29-a0-322-g68df515428 (webtiles) character file.

Game seed: 10592986961220725350

178 Dabor the Skirmisher (level 5, -1/26 (37) HPs)
             Began as a Demonspawn Chaos Knight on Apr 7, 2022.
             Was a Plaything of Xom.
             Succumbed to a scorpion's poison
             ... on level 3 of the Dungeon.
             The game lasted 00:06:02 (2954 turns).

Dabor the Skirmisher (Demonspawn Chaos Knight)      Turns: 2954, Time: 00:06:02

HP:   -1/26 (37)    AC: 19    Str: 14    XL:     5   Next: 32%
MP:   6/6           EV:  7    Int: 22    God:    Xom [.*....]
Gold: 202           SH:  0    Dex: 17    Spells: 5/5 levels left

rFire   . . .      SeeInvis .   m - +3 hand axe
rCold   . . .      Faith    .   (no shield)
rNeg    . . .      Spirit   .   o - +8 chain mail "Qecitred" {Int+8 Dex+5 Slay-4}
rPois   +          Reflect  .   (no helmet)
rElec   .          Harm     .   (no cloak)
rCorr   .          Rampage  .   l - +0 pair of gloves
Will    +....                   n - +0 pair of boots
Stlth   ..........              (no amulet)
HPRegen 0.08/turn               k - ring of poison resistance
MPRegen 0.10/turn               (no ring)

@: lethally poisoned (-1 -> -19), very heavily drained
A: demonic guardian 1, ignite blood 2, claws 1, frail 1, strong-willed 1, sense
surroundings 1, screaming 1
a: Renounce Religion


You were on level 3 of the Dungeon.
You worshipped Xom.
You were a plaything of Xom.
You visited 1 branch of the dungeon, and saw 3 of its levels.

You collected 202 gold pieces.

Inventory:

Hand Weapons
 a - a +0 hand axe of chaos
 m - a +3 hand axe (weapon)
Armour
 b - a +2 leather armour
 l - a +0 pair of gloves (worn)
 n - a +0 pair of boots (worn)
 o - the +8 chain mail "Qecitred" (worn) {Int+8 Dex+5 Slay-4}
   (You found it on level 2 of the Dungeon)

   Int:       It affects your intelligence (+8).
   Dex:       It affects your dexterity (+5).
   Slay:      It affects your accuracy & damage with ranged weapons and melee
   (-4).
Jewellery
 k - a ring of poison resistance (left hand)
Scrolls
 d - a scroll of noise
 e - 2 scrolls of teleportation
 f - a scroll of immolation
 g - a scroll of blinking
Potions
 p - a potion of haste
Miscellaneous
 c - a piece from Xom's chessboard (inert) (quivered)


   Skills:
 * Level 3.7 Fighting
 * Level 3.3 Axes
 * Level 2.8 Armour
 * Level 2.2 Dodging
 + Level 0.7 Spellcasting
 + Level 0.9 Air Magic
 + Level 0.8 Evocations


You had 5 spell levels left.
You didn't know any spells.
Your spell library contained the following spells:

 Spells                   Type           Power      Damage    Failure   Level
 Shock                    Conj/Air       8%         1d3       97%         1
 Swiftness                Air            5%         N/A       100%        3
 Airstrike                Air            2%         N/A       100%        4


Dungeon Overview and Level Annotations

Branches:
Dungeon (3/15)

Altars:


Innate Abilities, Weirdness & Mutations

A weak demonic guardian rushes to your aid.
Your demonic aura often causes spilled blood to erupt in flames.
You have sharp fingernails.
You are frail. (-10% HP)
You are strong-willed. (Will+)
You passively map a small area around you.
You occasionally shout uncontrollably at your foes.


Message History

You feel very sick.
You feel better.
You hit the scorpion.
The scorpion is severely wounded.
The scorpion stings you but does no damage. x2
You hit the scorpion but do no damage.
The scorpion is heavily wounded.
The scorpion stings you but does no damage.
You barely miss the scorpion.
The scorpion is heavily wounded.
The scorpion stings you but does no damage.
You hit the scorpion but do no damage.
The scorpion is heavily wounded.
The scorpion stings you but does no damage.
The scorpion stings you.
You hit the scorpion but do no damage.
The scorpion is heavily wounded.
The scorpion stings you.
You are poisoned.
The scorpion poisons you!
You hit the scorpion.
The scorpion is severely wounded.
You feel very sick.
The scorpion stings you but does no damage.
You hit the scorpion.
The scorpion is severely wounded.
* * * LOW HITPOINT WARNING * * *
You feel very sick. The scorpion stings you.
* * * LOW HITPOINT WARNING * * *
A demonic guardian appears!
You are more poisoned.
The scorpion poisons you! The scorpion closely misses you.
Okay, then.
Blink to where?
Press: ? - help, Dir - move target
Found a knobbly emerald ring.
As you read the scroll of blinking, it crumbles to dust.
You die...
Xom giggles madly!

################# *
#........##.....##
#.......=##.☼....#
+........+5.s###.###
* #........#...#
#...# #..........###
###.### ,
#..........# ,
,#...# , *
#....@...##*
**#.###.# ,
.......^...# ,
#.....# ##########.#
* #.###.. , * * *
*... , #.... ,,* #.#
###.... ... #......
*, **#.###.###+# ,
#g....# #.. *
###..#.######


You could see a scorpion.

Vanquished Creatures
  2 adders
  A dart slug (D:1)
  4 orcs (D:3)
  2 bats
  An endoplasm (D:1)
  3 giant cockroaches
  8 goblins
  2 hobgoblins
  15 jackals
  8 ball pythons
  3 frilled lizards
  2 kobolds
  5 rats
56 creatures vanquished.

Vanquished Creatures (collateral kills)
  An ice beast (D:3)
  A hobgoblin (D:3)
2 creatures vanquished.

Grand Total: 58 creatures vanquished

Notes
Turn   | Place    | Note
-------+----------+-------------------------------------------
     0 | D:1      | Dabor the Demonspawn Chaos Knight began the quest for the
                  | Orb.
     0 | D:1      | Reached XP level 1. HP: 18/18 MP: 1/1
    41 | D:1      | Reached skill level 1 in Dodging
    88 | D:1      | XOM: silly message
    91 | D:1      | Gained mutation: Your demonic aura sometimes causes spilled
                  | blood to erupt in flames. [demonic ancestry]
    91 | D:1      | Reached XP level 2. HP: 18/24 MP: 2/2
   113 | D:1      | XOM: divination: detect creatures
   262 | D:1      | XOM: divination: magic mapping
   305 | D:1      | Found a faded altar of an unknown god.
   468 | D:1      | XOM: silly message
   475 | D:1      | XOM: enchant monster (bad)
  1094 | D:2      | Gained mutation: Your demonic aura often causes spilled
                  | blood to erupt in flames. [demonic ancestry]
  1094 | D:2      | Reached XP level 3. HP: 29/29 MP: 3/3
  1477 | D:2      | XOM: noise
  1528 | D:2      | XOM: give mutation
  1528 | D:2      | Gained mutation: You passively map a small area around you.
                  | [Xom's mischief]
  1557 | D:2      | XOM: summons 4 hostile shadow creatures
  1559 | D:2      | Noticed a shapeshifter
  1559 | D:2      | a bat changed into a shapeshifter
  1560 | D:2      | Noticed a harpy
  1560 | D:2      | a shapeshifter changed into a harpy
  1561 | D:2      | Noticed a shining eye
  1561 | D:2      | a harpy changed into a shining eye
  1563 | D:2      | Gained mutation: You are frail. (-10% HP) [a shining eye]
  1566 | D:2      | Gained mutation: You occasionally shout uncontrollably at
                  | your foes. [a shining eye]
  1580 | D:2      | Gained mutation: You are strong-willed. (Will+) [a shining
                  | eye]
  1581 | D:2      | Gained mutation: You have sharp fingernails. [a shining
                  | eye]
  1856 | D:2      | Identified the +8 chain mail "Qecitred" {Int+8 Dex+5
                  | Slay-4}
  2103 | D:3      | Reached XP level 4. HP: 31/31 MP: 4/4
  2117 | D:3      | Noticed an ice beast
  2157 | D:3      | XOM: smoke on damage
  2158 | D:3      | XOM: cast spell 'Summon Mana Viper'
  2162 | D:3      | Killed an ice beast
  2163 | D:3      | Gained mutation: A weak demonic guardian rushes to your
                  | aid. [demonic ancestry]
  2163 | D:3      | Reached XP level 5. HP: 12/37 MP: 4/6
  2437 | D:3      | XOM: polymorph gnoll -> jelly
  2578 | D:2      | XOM: summons 2 hostile demons
  2621 | D:3      | XOM: silly message
  2954 | D:3      | Succumbed to a scorpion's poison

Illustrated notes

Levels and vault maps discovered:
D:1:      sevenhm_arrival_forest_fort_large_4, layout_basic,
          ebering_ecumenical_altar_hall, minmay_surrounded
D:2:      layout_loops_ring
D:3:      layout_basic, minmay_quantized, uniq_ijyb, uniq_jessica

Skill      XL: |  1  2  3  4 |
---------------+-------------+-----
Dodging        | 1 2 |  2.2
Armour         | 2 |  2.8
Axes           | 3 |  3.3
Fighting       | |  3.7
Spellcasting   | |  0.7
Air Magic      | |  0.9
Evocations     | |  0.8

Action                   |  1- 3 |  4- 6 || total
-------------------------+-------+-------++-------
Melee: Hand axe          |   136 |   108 ||   244
       Punch             |       |     1 ||     1
Evoke: Piece from Xom's  |    11 |    10 ||    21
  Use: Potion            |     3 |     3 ||     6
       Scroll            |       |     5 ||     5
 Stab: Petrifying        |     1 |       ||     1
       Sleeping          |     1 |       ||     1
       Petrified         |       |    11 ||    11
Armor: Leather armour    |    48 |       ||    48
       Chain mail        |    12 |    94 ||   106
Dodge: Dodged            |    91 |    39 ||   130

Table legend: (Time is in decaauts)
 A = Elapsed time spent in this place.
 B = Non-inter-level travel time spent in this place.
 C = Inter-level travel time spent in this place.
 D = Time resting spent in this place.
 E = Time spent auto-exploring this place.
 F = Levels seen in this place.
 G = Mean time per level.
                   A        B        C        D        E       F      G
               +--------+--------+--------+--------+--------+-----+--------+
         Total |   2970 |   2685 |    285 |    318 |   1792 |   3 |  990.0 |
       Dungeon |   2970 |   2685 |    285 |    318 |   1792 |   3 |  990.0 |
               +--------+--------+--------+--------+--------+-----+--------+

Top non-repeatable levels by time:
     D:2: 1090 daAuts
     D:1: 1064 daAuts
     D:3: 815 daAuts
